 Dungeon Crawl Stone Soup version 0.18-b1-22-ge198996 (webtiles) character file.

70 Hsing the Sneak (level 4, -1/29 HPs)
             Began as an Octopode Assassin on May 4, 2016.
             Slain by an adder (3 damage)
             ... on level 3 of the Dungeon.
             The game lasted 00:07:19 (1582 turns).

Hsing the Sneak (Octopode Assassin)                 Turns: 1582, Time: 00:07:20

Health: -1/29      AC:  1    Str:  9 (10) XL:     4   Next: 21%
Magic:  4/4        EV: 11    Int: 11 (13) God:
Gold:   119        SH:  0    Dex: 12 (14) Spells: 0 memorised, 3 levels left

rFire  . . .     SeeInvis .     k - +0 dagger (venom)
rCold  . . .     Gourm    .     (no shield)
rNeg   . . .     Faith    .     (helmet restricted)
rPois  .         Spirit   .     (no amulet)
rElec  .         Dismiss  .     (no ring)
rCorr  .         Reflect  .     (no ring)
SustAt .         Harm     .     (no ring)
MR     .....                    (no ring)
Stlth  +++++.....               (no ring)
                                (no ring)
                                (no ring)
                                (no ring)

@: not resistant to hostile enchantments, quite stealthy
A: almost no armour, amphibious, 8 rings, constrict 8, camouflage 1, gelatinous
body 1
a: no special abilities


You were on level 3 of the Dungeon.
You were hungry.

You visited 1 branch of the dungeon, and saw 3 of its levels.

You collected 119 gold pieces.

Inventory:

Hand Weapons
 a - a +2 dagger
 b - a +0 blowgun
 e - a +0 dagger of speed
 k - a +0 dagger of venom (weapon)
Missiles
 c - 22 poisoned needles
 d - 2 curare-tipped needles
Jewellery
 p - an uncursed ring of see invisible {unknown}
Scrolls
 g - a scroll of magic mapping {unknown}
 h - 2 scrolls of amnesia
 i - 3 scrolls of enchant weapon {unknown}
 j - a scroll of identify {unknown}
 m - a scroll of fear {unknown}
 o - a scroll of fog {unknown}
Potions
 l - a potion of curing
 n - a potion of invisibility {unknown}
Comestibles
 f - 3 bread rations


   Skills:
 - Level 2.0 Fighting
 + Level 3.1 Short Blades
 - Level 2.0 Throwing
 - Level 1.0 Dodging
 * Level 6.8 Stealth


You had 3 spell levels left.
You didn't know any spells.

Dungeon Overview and Level Annotations

Branches:
Dungeon (3/15)

Altars:
Ashenzari
Trog

Annotations:
D:3 Hsing's ghost, amateur OpAs


Innate Abilities, Weirdness & Mutations

You cannot wear most types of armour.
You are amphibious.
You can wear up to eight rings at the same time.
You can use your tentacles to constrict eight enemies at once.
Your skin changes colour to match your surroundings (Stealth).
Your rubbery body absorbs attacks (AC +1).


Message History

You feel sick. The adder barely misses you.
You feel sick. The adder closely misses you. Hsing's ghost hits you.
* * * LOW HITPOINT WARNING * * *
The adder closely misses you.
You feel sick. The adder barely misses you.
You feel sick.
Hsing's ghost shouts, "There is no future for me!"
The adder misses you. The adder barely misses you.
The rat twitches its whiskers.
You feel sick.
You are no longer poisoned.
Hsing's ghost hits you.
* * * LOW HITPOINT WARNING * * *
The adder barely misses you. The adder bites you.
You die...

#....##...........# #...#
#####.................# #.###
%...###...............# #.# ....#
#...............# #.#
....###.......##...#### #.#
..)......÷....##...# #r###
............÷.##Wr.########.[.#
................S...........#.##
....###.........@....###.......#
....###..............##..#'#...#
......+.................##.##..#
.....##.................#÷.†#..#
.....########..........#######.#
.....# #..........# #.## .....#
#..........+ #..#
.....########.........#########.#
.....##....##.........# ...S..#.#


You could see Hsing's ghost, an adder and a rat.

Vanquished Creatures
  2 adders
  A dart slug (D:2)
  A giant cockroach (D:1)
  10 goblins
  3 hobgoblins (D:1)
  7 jackals
  2 quokkas (D:2)
  A ball python (D:2)
  4 bats (D:2)
  6 giant newts
  5 kobolds
  6 rats
48 creatures vanquished.

Notes
Turn   | Place    | Note
--------------------------------------------------------------
     0 | D:1      | Hsing the Octopode Assassin began the quest for the Orb.
     0 | D:1      | Reached XP level 1. HP: 14/14 MP: 1/1
    85 | D:1      | Reached XP level 2. HP: 16/19 MP: 2/2
   156 | D:1      | Reached skill level 6 in Stealth
   533 | D:2      | Reached XP level 3. HP: 12/24 MP: 3/3
   827 | D:2      | Found a shattered altar of Ashenzari.
   888 | D:2      | Found a bloodstained altar of Trog.
  1271 | D:3      | Reached XP level 4. HP: 9/29 MP: 4/4
  1310 | D:3      | Noticed Hsing's ghost (amateur OpAs)
  1582 | D:3      | Slain by an adder

Skill      XL: |  1  2  3 |
---------------+----------+-----
Stealth        | 6 |  6.8
Short Blades   | 3 |  3.1
Fighting       | |  2.0
Throwing       | |  2.0
Dodging        | |  1.0

Action                   |  1- 3 |  4- 6 || total
-------------------------+-------+-------++-------
Melee: Dagger            |    89 |    10 ||    99
       Constrict         |    22 |     4 ||    26
       Tentacles         |    12 |     1 ||    13
  Use: Potion            |     2 |     2 ||     4
       Scroll            |       |     1 ||     1
 Stab: Sleeping          |    11 |       ||    11
  Eat: Beef jerky        |     1 |       ||     1
Armor: Skin              |     3 |     1 ||     4
Dodge: Dodged            |    37 |    26 ||    63
